 Dungeon Crawl Stone Soup version 0.29-a0-286-g41199d4a87 (webtiles) character file.

Game seed: 12804555888028979795

162 Dabor the Covered (level 5, -7/33 HPs)
             Began as a Gargoyle Fighter on Mar 16, 2022.
             Was a High Priest of Ignis.
             Mangled by a boulder beetle (19 damage)
             ... on level 6 of the Dungeon.
             The game lasted 00:04:44 (2948 turns).

Dabor the Covered (Gargoyle Fighter)                Turns: 2948, Time: 00:04:44

Health: -7/33      AC: 12    Str: 28    XL:     5   Next: 43%
Magic:  5/5        EV: 10    Int:  8    God:    Ignis [*****.]
Gold:   102        SH:  4    Dex:  9    Spells: 4/4 levels left

rFire   + . .      SeeInvis .   u - +1 mace (venom)
rCold   . . .      Faith    .   c - +0 buckler
rNeg    + . .      Spirit   .   b - +0 scale mail
rPois   ∞          Reflect  .   (no helmet)
rElec   +          Harm     .   q - +0 cloak
rCorr   .          Rampage  .   (no gloves)
Will    +....                   (no boots)
Stlth   ..........              (no amulet)
HPRegen 0.11/turn               f - ring of willpower
MPRegen 0.09/turn               s - +6 ring of strength

@: about to teleport
A: sickness immunity, AC +4, negative energy resistance 1, electricity
resistance, torment resistance 1, petrification resistance
a: Renounce Religion, Fiery Armour, Foxfire Swarm, Rising Flame


You were on level 6 of the Dungeon.
You worshipped Ignis.
Ignis was extremely pleased with you.
You visited 1 branch of the dungeon, and saw 5 of its levels.

You collected 102 gold pieces.

Inventory:

Hand Weapons
 a - a +0 flail
 u - a +1 mace of venom (weapon)
Missiles
 r - 2 poisoned darts (quivered)
Armour
 b - a +0 scale mail (worn)
 c - a +0 buckler (worn)
 q - a +0 cloak (worn)
Jewellery
 f - a ring of willpower (left hand)
 m - a ring of magical power
 s - a +6 ring of strength (right hand)
 t - a ring of flight
Scrolls
 i - 6 scrolls of identify {unknown}
 j - a scroll of vulnerability {unknown}
 l - 2 scrolls of teleportation
 n - a scroll of amnesia {unknown}
 o - a scroll of fear {unknown}
 p - 4 scrolls of noise {unknown}
Potions
 d - a potion of might
 e - a potion of ambrosia {unknown}
 g - 5 potions of curing {unknown}
 h - a potion of heal wounds {unknown}
 k - a potion of resistance {unknown}
 v - a potion of attraction {unknown}
 w - a potion of haste {unknown}
 x - a potion of lignification {unknown}


   Skills:
 + Level 4.3 Fighting
 + Level 3.1 Maces & Flails
 + Level 4.3 Armour
 + Level 1.4 Dodging
 - Level 3.6 Shields


You had 4 spell levels left.
You didn't know any spells.
Your spell library contained the following spells:

 Spells                   Type           Power      Damage    Failure   Level
 Sting                    Tmut/Pois      0%         1d3       77%         1
 Poisonous Vapours        Pois/Air       0%         N/A       88%         2
 Gell's Gravitas          Tloc           0%         N/A       98%         3
 Lesser Beckoning         Tloc           0%         N/A       98%         3
 Teleport Other           Tloc           0%         N/A       98%         3
 Olgreb's Toxic Radiance  Pois           0%         N/A       100%        4


Dungeon Overview and Level Annotations

Branches:
Dungeon (4/15)
 Temple: D:4-7

Altars:
Ignis

Shops:
D:1 [


Innate Abilities, Weirdness & Mutations

You are immune to sickness and miasma.
Your stone body is resilient. (AC +4)
You are immune to poison.
You resist negative energy. (rN+)
You are resistant to electric shocks. (rElec)
You are resistant to unholy torment.
You are immune to petrification.


Message History

An adder is nearby!
You sock the adder!
You kill the adder!
g - 5 red potions (gained 1)
You open the door.
There is an open door here.
i - 6 scrolls labelled WASOLE XYSTU (gained 1)
Found a stone staircase leading down.
No target in view!
As you open the door, it creaks loudly!
No target in view!
There is an open door here.
You open the door.
There is an open door here.
p - 4 scrolls labelled VIQUIBOAFU (gained 3)
You open the door.
A sourceless malevolence fills the Dungeon...
You fall into a shaft and drop 2 floors!
The shaft crumbles and collapses.
A boulder beetle comes into view.
Found a bubbling silvery potion and a pair of glowing boots.
The boulder beetle leaps!
A boulder beetle is nearby!
A boulder beetle is nearby!
A boulder beetle is nearby!
A boulder beetle is nearby!
You hit the boulder beetle but do no damage.
The boulder beetle bites you!!
Ouch! That really hurt!
A boulder beetle is nearby!
You are too injured to fight recklessly!
A boulder beetle is nearby!
You are too injured to fight recklessly!
A boulder beetle is nearby!
Okay, then.
As you read the scroll labelled FUEDGH OTSUYRGH, it crumbles to dust.
You feel strangely unstable.
It was a scroll of teleportation.
The boulder beetle bites you!!
Ouch! That really hurt!
You die...

..... ....#
#####...#
#.......# ##
##.......##
#...###.........#
#.....B..[!.....#
#@........##
#..........#
#..........#
#.#####.#.... #..
..### ### ##


You could see a boulder beetle.

Vanquished Creatures
  Crazy Yiuf (D:2)
  Natasha (D:2)
  5 adders
  2 dart slugs
  7 ball pythons
  6 endoplasms
  3 giant cockroaches (D:1)
  3 goblins
  5 hobgoblins
  6 jackals (D:1)
  3 quokkas
  5 bats
  2 frilled lizards (D:2)
  7 kobolds
  2 rats (D:1)
58 creatures vanquished.

Notes
Turn   | Place    | Note
-------+----------+-------------------------------------------
     0 | D:1      | Dabor the Gargoyle Fighter began the quest for the Orb.
     0 | D:1      | Reached XP level 1. HP: 14/14 MP: 1/1
   199 | D:1      | Reached XP level 2. HP: 15/19 MP: 2/2
   689 | D:1      | Found a faded altar of an unknown god.
   730 | D:1      | Prayed at the altar of an unknown god.
   730 | D:1      | Became a worshipper of Ignis, the Dying Flame
   760 | D:1      | Found Atajy's Armour Shop.
  1031 | D:2      | Reached XP level 3. HP: 21/23 MP: 3/3
  1267 | D:2      | Noticed Natasha
  1274 | D:2      | Killed Natasha
  1276 | D:2      | Reached XP level 4. HP: 29/29 MP: 4/4
  1759 | D:2      | Found a runed translucent door.
  1760 | D:2      | Noticed Crazy Yiuf
  2007 | D:2      | Killed Crazy Yiuf
  2008 | D:2      | Reached skill level 1 in Dodging
  2305 | D:3      | Reached XP level 5. HP: 33/33 MP: 5/5
  2942 | D:4      | You fall into a shaft and drop 2 floors!
  2942 | D:6      | Noticed a boulder beetle
  2948 | D:6      | Mangled by a boulder beetle

Illustrated notes

Levels and vault maps discovered:
D:1:      minmay_arrival_jagged, layout_loops_ring,
          shapermc_ecumenical_altar_starsandcircs, serial_shops, shop,
          minmay_tromino_i2
D:2:      layout_loops_ring, chequers_garden, item_on_display_a,
          uniq_crazy_yiuf_cottage, uniq_natasha
D:3:      layout_rooms
D:4:      layout_gridville
D:6:      layout_loops_corners, mainiacjoe_overflow_alcove_2,
          grunt_ministairs_12, uniq_maggie

Skill      XL: |  1  2  3  4  5 |
---------------+----------------+-----
Armour         | 4 |  4.3
Fighting       | 4 |  4.3
Dodging        | 1 |  1.4
Maces & Flails | 3 |  3.1
Shields        | |  3.6

Action                   |  1- 3 |  4- 6 || total
-------------------------+-------+-------++-------
Melee: Flail             |    70 |    86 ||   156
       Mace              |       |    36 ||    36
  Use: Scroll            |       |     1 ||     1
Armor: Scale mail        |    38 |    85 ||   123
Dodge: Dodged            |    39 |    69 ||   108
Block: Buckler           |    21 |    28 ||    49

Table legend: (Time is in decaauts)
 A = Elapsed time spent in this place.
 B = Non-inter-level travel time spent in this place.
 C = Inter-level travel time spent in this place.
 D = Time resting spent in this place.
 E = Time spent auto-exploring this place.
 F = Levels seen in this place.
 G = Mean time per level.
                   A        B        C        D        E       F      G
               +--------+--------+--------+--------+--------+-----+--------+
         Total |   3004 |   2869 |    135 |      0 |   2401 |   5 |  600.8 |
       Dungeon |   3004 |   2869 |    135 |      0 |   2401 |   5 |  600.8 |
               +--------+--------+--------+--------+--------+-----+--------+

Top non-repeatable levels by time:
     D:2: 1309 daAuts
     D:1: 999 daAuts
     D:3: 486 daAuts
     D:4: 203 daAuts
     D:6: 6 daAuts
